 Dungeon Crawl Stone Soup version 0.19.1 (webtiles) character file.

3697 Ice the Slinger (level 9, -1/73 (74) HPs)
             Began as a Minotaur Berserker on Dec 13, 2016.
             Was a High Priest of Trog.
             Slain by an ice beast (3 damage)
             ... on level 8 of the Dungeon on Dec 14, 2016.
             The game lasted 00:35:24 (6520 turns).

Ice the Slinger (Minotaur Berserker)                Turns: 6520, Time: 00:35:24

HP:   -1/73 (74)    AC: 14    Str: 22    XL:     9   Next: 90%
MP:   17/17         EV:  9    Int:  4    God:    Trog [*****.]
Gold: 477           SH:  4    Dex:  8    Spells: 0 memorised, 8 levels left

rFire  . . .     SeeInvis +     F - +1 whip (freeze)
rCold  . . .     Gourm    .     k - +0 chain mail
rNeg   + + +     Faith    .     O - +2 buckler
rPois  .         Spirit   .     (helmet restricted)
rElec  .         Reflect  .     b - +2 cloak
rCorr  .         Harm     .     (no gloves)
MR     .....                    N - -2 pair of boots "Meiwuidgh" {rN+++ MR- Dex-5 SInv}
Stlth  ..........               (no amulet)
                                D - +2 ring of protection
                                l - ring of magical power

@: exhausted, slowed, very slow
A: retaliatory headbutt, horns 2
a: Berserk, Trog's Hand, Brothers in Arms, Burn Spellbooks, Renounce Religion


You were on level 8 of the Dungeon.
You worshipped Trog.
Trog was extremely pleased with you.
You were very hungry.

You visited 1 branch of the dungeon, and saw 8 of its levels.

You collected 477 gold pieces.

Inventory:

Hand Weapons
 f - a +0 hunting sling
 z - a +0 shortbow
 F - a +1 whip of freezing (weapon)
 J - a +0 spear of piercing
Missiles
 e - 92 stones (quivered)
 g - 67 sling bullets
 n - 112 arrows
 u - 10 poisoned needles
 C - 8 tomahawks
 P - 21 bolts
Armour
 b - a +2 cloak (worn)
 k - a +0 chain mail (worn)
 N - the -2 pair of boots "Meiwuidgh" (worn) {rN+++ MR- Dex-5 SInv}
   (You found it on level 8 of the Dungeon)

   It affects your dexterity (-5).
   It renders you almost immune to negative energy.
   It affects your resistance to hostile enchantments.
   It lets you see invisible.
 O - a +2 buckler (worn)
Jewellery
 l - a ring of magical power (left hand)
 D - a +2 ring of protection (right hand)
Wands
 o - a wand of flame (24/48)
 q - a wand of flame (28/48)
 E - a wand of lightning (10/15)
 G - a wand of acid (3/15)
 L - a wand of heal wounds (3/9)
Scrolls
 h - a scroll of remove curse
 w - 2 scrolls of teleportation
 y - 3 scrolls of recharging
 A - a scroll of enchant weapon {unknown}
 H - a scroll of immolation {unknown}
 Q - a scroll of fear {unknown}
 R - a scroll of vulnerability {unknown}
Potions
 a - 2 potions of agility
 d - a potion of ambrosia {unknown}
 i - 2 potions of lignification {unknown}
 m - a potion of brilliance {unknown}
 r - a potion of heal wounds {unknown}
 s - a potion of berserk rage {unknown}
 v - a potion of cancellation {unknown}
 B - a potion of beneficial mutation {unknown}
 I - 2 potions of might
 K - a potion of haste
Comestibles
 c - 2 bread rations
 j - 4 meat rations
 p - 3 fruits
 t - 2 beef jerkies
 M - a chunk of flesh


   Skills:
 - Level 5.0 Fighting
 + Level 7.5 Maces & Flails
 - Level 12.0 Slings
 - Level 5.6 Armour
 - Level 5.0 Dodging


You had 8 spell levels left.
You didn't know any spells.

Dungeon Overview and Level Annotations

Branches:
Dungeon (8/15)             Temple (0/1) D:4            Lair (0/6) D:8

Altars:
Okawaru
Uskayaw
Vehumet


Innate Abilities, Weirdness & Mutations

You reflexively headbutt those who attack you in melee.
You have a pair of horns on your head.


Message History

You kill the orc wizard!
Trog accepts your kill.
Trog appreciates your killing of a magic user.
You are too berserk!
You whack the orc! You freeze the orc.
You kill the orc!
Trog accepts your kill.
You hit the ice beast. You headbutt the ice beast.
The ice beast is lightly wounded.
The orc closely misses you. The ice beast hits you.
* * * LOW HITPOINT WARNING * * *
The ice beast freezes you!
* * * LOW HITPOINT WARNING * * *
You feel a strong urge to attack something.
You are no longer berserk.
You are exhausted.
You feel yourself slow down.
Drop what? 44/52 slots (_ for help) (? for menu, Esc to quit)
You drop a book of Cantrips.
The ice beast hits you.
You die...

#......>.#....รท...#
#........#........#
##........#........#
.#........#........#
.#...##...##.......#
##...##...#######..#
##........##..###..#
...................#
.....##...##....@..#
.....#######...##Y.#
..........##...##..#
##........#######o.#
##.............).).#
..............o##..#
...............#####
..............o.#
##..............#


You could see an ice beast and an orc.

Vanquished Creatures
  Pikel (D:5)
  A hungry ghost (D:8)
  A hell hound (D:8)
  Duvessa (D:5)
  An orc warrior (D:8)
  An ice beast (D:8)
  A necrophage (D:6)
  4 sky beasts
  A black bear (D:7)
  4 ogres
  2 phantoms
  2 centaurs
  A big kobold (D:7)
  3 bullfrogs
  A scorpion (D:6)
  Dowan (D:5)
  2 howler monkeys
  2 crimson imps
  A bullfrog zombie (D:6)
  2 centaur skeletons
  A gnoll shaman (D:6)
  3 hounds
  6 orc wizards
  Ijyb (D:2)
  Natasha (thrice) (D:3)
  Terence (D:2)
  2 iguanas
  A worker ant (D:5)
  2 hound skeletons
  Robin (D:2)
  11 gnolls
  12 adders
  A shadow imp (D:6)
  3 oozes
  An adder zombie (D:6)
  A worm (D:3)
  2 adder skeletons
  4 dart slugs
  5 leopard geckos
  25 orcs
  6 bats
  4 giant cockroaches
  16 goblins
  11 hobgoblins
  6 jackals
  6 quokkas
  A ball python (D:1)
  5 frilled lizards
  12 kobolds
  A leopard gecko zombie (D:5)
  A quokka skeleton (D:4)
  A quokka zombie (D:5)
  10 rats
199 creatures vanquished.

Vanquished Creatures (others)
  2 plants (D:3)
2 creatures vanquished.

Grand Total: 201 creatures vanquished

Notes
Turn   | Place    | Note
-------+----------+-------------------------------------------
     0 | D:1      | Ice the Minotaur Berserker began the quest for the Orb.
     0 | D:1      | Reached XP level 1. HP: 19/19 MP: 0/0
   187 | D:1      | Reached XP level 2. HP: 25/26 MP: 1/1
   786 | D:1      | Reached XP level 3. HP: 30/31 MP: 2/2
   787 | D:1      | Reached ** piety under Trog
  1027 | D:2      | Noticed Robin
  1046 | D:2      | Killed Robin
  1091 | D:2      | Reached XP level 4. HP: 38/39 MP: 3/3
  1362 | D:2      | Reached skill level 5 in Dodging
  1383 | D:2      | Noticed Ijyb
  1403 | D:2      | Killed Ijyb
  1403 | D:2      | Reached skill level 1 in Slings
  1527 | D:2      | Noticed Terence
  1541 | D:2      | Killed Terence
  1541 | D:2      | Reached skill level 2 in Slings
  1695 | D:3      | Reached XP level 5. HP: 45/45 MP: 4/4
  1752 | D:3      | Reached *** piety under Trog
  1752 | D:3      | Reached skill level 3 in Slings
  1796 | D:3      | Reached skill level 4 in Slings
  1899 | D:3      | Noticed Natasha
  1908 | D:3      | Killed Natasha
  2125 | D:3      | Reached XP level 6. HP: 45/52 MP: 5/5
  2400 | D:3      | Noticed Natasha
  2411 | D:3      | Killed Natasha
  2418 | D:3      | Noticed Natasha
  2429 | D:3      | Killed Natasha
  2516 | D:3      | Reached skill level 5 in Fighting
  2736 | D:3      | Reached **** piety under Trog
  3197 | D:4      | Reached XP level 7. HP: 50/61 MP: 6/6
  3304 | D:4      | Reached skill level 5 in Armour
  3391 | D:4      | Reached skill level 5 in Slings
  3427 | D:4      | Found a staircase to the Ecumenical Temple.
  3648 | D:5      | Entered Level 5 of the Dungeon
  3814 | D:5      | Reached skill level 6 in Slings
  3979 | D:5      | Noticed Pikel
  3986 | D:5      | Killed Pikel
  3986 | D:5      | Reached skill level 8 in Slings
  3986 | D:5      | Reached XP level 8. HP: 60/68 MP: 7/7
  4115 | D:5      | Reached skill level 9 in Slings
  4324 | D:5      | Noticed Dowan
  4336 | D:5      | Killed Dowan
  4381 | D:5      | Noticed Duvessa
  4390 | D:5      | Killed Duvessa
  4390 | D:5      | Reached skill level 10 in Slings
  4527 | D:6      | Reached ***** piety under Trog
  4554 | D:6      | Received a gift from Trog
  4574 | D:6      | Reached XP level 9. HP: 47/74 MP: 8/8
  4784 | D:6      | Reached skill level 11 in Slings
  5370 | D:7      | Received a gift from Trog
  5713 | D:7      | Reached skill level 12 in Slings
  6067 | D:8      | Got a pair of encrusted boots
  6078 | D:8      | Identified the cursed -2 pair of boots "Meiwuidgh" {rN+++ MR- Dex-5 SInv} (You found it on level 8 of the Dungeon)
  6113 | D:8      | Reached skill level 5 in Maces & Flails
  6189 | D:8      | Found a staircase to the Lair.
  6270 | D:8      | Found a radiant altar of Vehumet.
  6282 | D:8      | Found a hide-covered altar of Uskayaw.
  6287 | D:8      | Found an iron altar of Okawaru.
  6515 | D:8      | HP: 1/109 [ice beast (12)]
  6520 | D:8      | Slain by an ice beast

Skill      XL: |  1  2  3  4  5  6  7  8  9 |
---------------+----------------------------+-----
Dodging        | 3 4 5 |  5.0
Slings         | 2 4 8 10 12 | 12.0
Fighting       | 5 |  5.0
Armour         | 4 5 |  5.6
Maces & Flails | 7 |  7.5

Action                   |  1- 3 |  4- 6 |  7- 9 || total
-------------------------+-------+-------+-------++-------
Melee: Mace              |    81 |    44 |       ||   125
       Headbutt          |     9 |    48 |    60 ||   117
       Dagger            |       |   182 |       ||   182
       War axe           |       |       |    90 ||    90
       Whip              |       |       |   149 ||   149
       Spear             |       |       |    74 ||    74
 Fire: Hunting sling     |     2 |    24 |   153 ||   179
Throw: Stone             |    61 |    82 |    38 ||   181
Invok: Berserk           |       |     1 |     3 ||     4
  Use: Scroll            |     7 |       |     6 ||    13
  Eat: Chunk             |     1 |     7 |    15 ||    23
       Pizza             |       |       |     1 ||     1
Armor: Ring mail         |    28 |       |       ||    28
       Animal skin       |     2 |       |       ||     2
       Chain mail        |    17 |   168 |   188 ||   373
Dodge: Dodged            |    58 |   115 |   137 ||   310
Block: Buckler           |       |       |     6 ||     6
